 Seeded DCSS version 0.30-a0-1016-gfb0d676c02 (webtiles) character file.

Game seed: 98268997 (custom seed)

3739 GigaChad the Carver (level 10, 0/77 HPs)
             Began as a Formicid Fighter on Apr 6, 2023.
             Was an Initiate of Gozag.
             Slain by a killer bee (2 damage)
             ... on level 9 of the Dungeon.
             The game lasted 00:14:16 (7634 turns).

GigaChad the Carver (Formicid Fighter)              Turns: 7634, Time: 00:14:18

Health: 0/77       AC: 15    Str: 31    XL:     10   Next: 37%
Magic:  10/10      EV:  8    Int:  8    God:    Gozag
Gold:   1107       SH:  6    Dex: 13    Spells: 9/9 levels left

rFire   . . .      SeeInvis +    y - +4 war axe
rCold   . . .      Faith    .    c - +0 buckler
rNeg    . . .      Spirit   .    A - +0 plate armour
rPois   .          Reflect  .    (helmet unavailable)
rElec   .          Rampage  .    e - +0 cloak
rCorr   +                        (no gloves)
Will    +....                    B - +0 pair of boots Stlth
                                 (no amulet)
HPRegen 0.32/turn                m - +6 ring of strength
MPRegen 0.12/turn                h - ring of resist corrosion

@: gold aura
A: permanent stasis, dig shafts and tunnels, antennae 3, four strong arms
a: Dig, Shaft Self, Renounce Religion, Potion Petition, Call Merchant, Bribe
Branch


You were on level 9 of the Dungeon.
You worshipped Gozag.
Gozag was most pleased with you.
You visited 1 branch of the dungeon, and saw 9 of its levels.

You collected 1178 gold pieces.
You paid 71 gold pieces to Gozag.

Inventory:

Hand Weapons
 a - a +0 war axe
 j - the +3 demon blade of Bespelled Tortfeasance {vamp, rElec rF+++ Int-3}
   (You acquired it on level 3 of the Dungeon)

   Int:       It affects your intelligence (-3).
   rF:        It renders you almost immune to fire.
   rElec:     It insulates you from electricity.
 y - a +4 war axe (weapon)
 F - the +0 hand axe of the Establishment {heavy, Dex+4}
   (You found it on level 7 of the Dungeon)

   Dex:       It affects your dexterity (+4).
Armour
 b - a +0 scale mail
 c - a +0 buckler (worn)
 e - a +0 cloak (worn)
 q - a +0 chain mail
 A - a +0 plate armour (worn)
 B - a +0 pair of boots (worn)
Jewellery
 h - a ring of resist corrosion (right hand)
 l - a ring of ice
 m - a +6 ring of strength (left hand)
 x - a ring of fire
 C - a ring of flight
 D - a ring of willpower
Scrolls
 i - 2 scrolls of blinking
 n - 3 scrolls of teleportation
 t - 4 scrolls of silence
 v - 3 scrolls of enchant weapon {unknown}
 E - a scroll of noise {unknown}
 G - 2 scrolls of enchant armour {unknown}
Potions
 d - 3 potions of might
 f - 4 potions of curing
 g - a potion of degeneration {unknown}
 k - a potion of ambrosia {unknown}
 p - a potion of brilliance {unknown}
 r - 2 potions of attraction {unknown}
 s - 2 potions of mutation {unknown}
 u - a potion of lignification {unknown}
 w - 2 potions of flight {unknown}
 z - 2 potions of haste {unknown}


   Skills:
 + Level 6.4 Fighting
 - Level 10.1 Long Blades
 * Level 4.0 Axes
 + Level 6.9 Armour
 - Level 1.0 Dodging
 - Level 0.1 Stealth
 + Level 8.2 Shields


You had 9 spell levels left.
You didn't know any spells.
Your spell library contained the following spells:

 Spells                   Type           Power      Damage    Failure   Level
 Ensorcelled Hibernation  Hex/Ice        0%         N/A       99%         2
 Dazzling Flash           Conj/Hex       0%         N/A       100%        3
 Spider Form              Tmut/Pois      0%         N/A       100%        3
 Anguish                  Hex/Necr       0%         N/A       100%        4
 Agony                    Necr           0%         N/A       100%        5
 Silence                  Hex/Air        0%         N/A       100%        5


Dungeon Overview and Level Annotations

Branches:
Dungeon (9/15)             Temple (0/1) D:6
   Lair: D:8-11         Orc: D:9-12

Altars:
Elyvilon
Gozag
Kikubaaqudgha
Nemelex Xobeh
Trog

Shops:
D:4 =

Annotations:
D:4 1 transporter
D:7 2 transporters, Rudyous's ghost, novice GnCj


Innate Abilities, Weirdness & Mutations

You cannot be hasted, slowed, berserked, paralysed or teleported.
You can dig through walls and to a lower floor.
You have a pair of large antennae on your head. (SInv)
Your four strong arms can wield two-handed weapons with a shield.


Message History

You are too injured to fight recklessly!
Unknown command.
You are too injured to fight recklessly!
Unknown command.
You are too injured to fight recklessly!
Unknown command.
You are too injured to fight recklessly!
Unknown command.
You are too injured to fight recklessly!
You closely miss the killer bee.
The killer bee is no longer distracted by gold.
The killer bee is lightly wounded.
The killer bee stings you but does no damage.
The killer bee closely misses you.
You closely miss the killer bee.
The killer bee is lightly wounded.
The killer bee stings you but does no damage.
The killer bee barely misses you.
The killer bee stings you but does no damage.
You slash the killer bee!
You kill the killer bee!
The killer bee is no longer distracted by gold.
The killer bee stings you but does no damage.
The killer bee stings you.
* * * LOW HITPOINT WARNING * * *
You see here 5 gold pieces.
You closely miss the killer bee.
The killer bee is severely wounded.
The killer bee stings you.
* * * LOW HITPOINT WARNING * * *
The killer bee stings you.
* * * LOW HITPOINT WARNING * * *
You block the killer bee's attack.
You hit the killer bee.
The killer bee is almost dead.
You block the killer bee's attack.
The killer bee stings you but does no damage.
The killer bee stings you.
You die...
Your body crumbles into a pile of gold. ######.# #<@y...# ########

You could see a killer bee.

Vanquished Creatures
  2 yaks (D:8)
  A steam dragon (D:6)
  Duvessa (D:6)
  An orc warrior (D:6)
  3 ice beasts
  2 sky beasts
  2 black bears
  3 ogres (D:5)
  A phantom (D:7)
  3 centaurs
  2 bullfrogs (D:7)
  11 scorpions
  4 wights (D:6)
  Dowan (D:6)
  A killer bee (D:9)
  6 hounds
  An orc priest (D:6)
  A jelly (D:6)
  5 orc wizards
  Terence (D:2)
  2 iguanas
  12 adders
  4 gnolls (D:6)
  A white imp (D:6)
  3 ufetubi
  2 worms
  3 dart slugs
  22 orcs
  11 bats
  5 endoplasms
  4 giant cockroaches
  8 goblins
  6 hobgoblins
  11 jackals
  10 kobolds
  2 quokkas
  11 ball pythons
  3 frilled lizards
  4 rats
176 creatures vanquished.

Vanquished Creatures (others)
  Grinder (D:6)
  5 fungi (D:5)
  4 withered plants (D:6)
10 creatures vanquished.

Grand Total: 186 creatures vanquished

Notes
Turn   | Place    | Note
-------+----------+-------------------------------------------
     0 | D:1      | GigaChad the Formicid Fighter began the quest for the Orb.
     0 | D:1      | Reached XP level 1. HP: 18/18 MP: 1/1
    74 | D:1      | Reached XP level 2. HP: 24/24 MP: 2/2
   276 | D:1      | Reached XP level 3. HP: 29/29 MP: 3/3
   904 | D:2      | Reached XP level 4. HP: 28/36 MP: 4/4
  1076 | D:2      | Noticed Terence
  1091 | D:2      | Killed Terence
  1092 | D:2      | Reached skill level 1 in Dodging
  1371 | D:2      | Reached XP level 5. HP: 42/42 MP: 5/5
  1549 | D:3      | Identified a scroll of acquirement
  1549 | D:3      | Acquired the +3 demon blade of Bespelled Tortfeasance
                  | {vamp, rElec rF+++ Int-3}
  2497 | D:4      | Reached skill level 1 in Long Blades
  2523 | D:4      | Found an opulent altar of Gozag.
  2549 | D:4      | Became a worshipper of Gozag Ym Sagoz the Greedy
  2658 | D:4      | Found Bodac's Jewellery Shop.
  2679 | D:4      | Reached XP level 6. HP: 47/48 MP: 6/6
  2772 | D:4      | Reached skill level 2 in Long Blades
  2963 | D:4      | Found a sparkling altar of Nemelex Xobeh.
  2963 | D:4      | Found a transporter.
  2963 | D:4      | Noticed a yak
  2964 | D:4      | Noticed an acid dragon
  3168 | D:5      | Entered Level 5 of the Dungeon
  3194 | D:5      | Noticed an ogre
  3204 | D:5      | Killed an ogre
  3205 | D:5      | Reached skill level 3 in Long Blades
  3205 | D:5      | Reached XP level 7. HP: 11/54 MP: 7/7
  3409 | D:5      | Reached skill level 5 in Shields
  3528 | D:5      | Reached skill level 4 in Long Blades
  3703 | D:5      | Reached skill level 5 in Long Blades
  3703 | D:5      | Reached skill level 5 in Armour
  3736 | D:5      | Reached XP level 8. HP: 37/61 MP: 8/8
  3888 | D:5      | Reached skill level 6 in Long Blades
  3974 | D:5      | HP: 2/61 [ogre/+0 giant club (32)]
  4259 | D:5      | Found a white marble altar of Elyvilon.
  4342 | D:5      | Reached skill level 5 in Fighting
  4342 | D:5      | Reached skill level 7 in Long Blades
  4847 | D:6      | Found an ancient bone altar of Kikubaaqudgha.
  4852 | D:6      | Reached XP level 9. HP: 34/67 MP: 9/9
  4970 | D:6      | Noticed Grinder
  4977 | D:6      | Killed Grinder
  4980 | D:6      | Reached skill level 8 in Long Blades
  5407 | D:6      | Noticed Duvessa
  5408 | D:6      | Noticed Dowan
  5421 | D:6      | Killed Duvessa
  5437 | D:6      | Killed Dowan
  5784 | D:6      | Reached skill level 9 in Long Blades
  6106 | D:6      | Found a staircase to the Ecumenical Temple.
  6344 | D:7      | Identified the +0 hand axe of the Establishment {heavy,
                  | Dex+4}
  6388 | D:7      | Found a transporter.
  6399 | D:7      | Noticed Rudyous's ghost (novice GnCj)
  6403 | D:7      | Noticed a moth of wrath
  6546 | D:7      | Reached XP level 10. HP: 76/76 MP: 10/10
  6825 | D:7      | Reached skill level 10 in Long Blades
  6845 | D:7      | Found a bloodstained altar of Trog.
  6852 | D:7      | Found a transporter.
  7633 | D:9      | HP: 2/77 [killer bee (4)]
  7634 | D:9      | Slain by a killer bee

Illustrated notes

Levels and vault maps discovered:
D:1:      saegor_arrival_simple_e, layout_loops_ring
D:2:      kennysheep_six_static_rooms, layout_basic, nicolae_figureground_pulse,
          uniq_terence
D:3:      layout_loops_corners, minmay_misc_feat_secret_circle
D:4:      layout_cave_pools, nicolae_gozag_seed_capital,
          grunt_nemelex_the_gamble, serial_shops, nicolae_shop_trees,
          nicolae_half_adder
D:5:      old_forge, layout_loops_ring, nicolae_elyvilon_temple_path,
          hangedman_decor_growths, dk_noncrumbling_2, roderic_lattice_a
D:6:      layout_basic, kiku_gazebo_garden_becter,
          minmay_temple_entry_overgrown, uniq_grinder, uniq_duvessa
D:7:      layout_layer_cave, gammafunk_ghost_wrathful_warriors,
          chequers_serial_rivers_small_b, chequers_serial_rivers_micro_a
D:8:      minmay_bubble_buster, layout_cave_pods
D:9:      layout_basic

Skill      XL: |  1  2  3  4  5  6  7  8  9 10 |
---------------+-------------------------------+-----
Armour         | 4 5 6 |  6.9
Axes           | 3 4 |  4.0
Dodging        | 1 |  1.0
Fighting       | 4 5 6 |  6.4
Long Blades    | 1 3 5 7 9 10 | 10.1
Shields        | 5 6 7 8 |  8.2
Stealth        | |  0.1

Action                     |  1- 3 |  4- 6 |  7- 9 | 10-12 || total
---------------------------+-------+-------+-------+-------++-------
  Melee: War axe           |   111 |    48 |       |     8 ||   167
         Demon blade       |       |   107 |   304 |    81 ||   492
    Use: Scroll            |       |     4 |     2 |       ||     6
         Potion            |       |       |     1 |     1 ||     2
   Stab: Distracted        |       |       |     2 |       ||     2
 Armour: Scale mail        |   102 |    31 |       |       ||   133
         Chain mail        |       |    56 |   165 |       ||   221
         Plate armour      |       |       |    48 |   110 ||   158
  Dodge: Dodged            |    75 |    86 |   116 |    69 ||   346
  Block: Buckler           |    25 |    37 |    91 |    48 ||   201

Table legend: (Time is in decaauts)
 A = Elapsed time spent in this place.
 B = Non-inter-level travel time spent in this place.
 C = Inter-level travel time spent in this place.
 D = Time resting spent in this place.
 E = Time spent auto-exploring this place.
 F = Levels seen in this place.
 G = Mean time per level.
                   A        B        C        D        E       F      G
               +--------+--------+--------+--------+--------+-----+--------+
         Total |   7700 |   7526 |    174 |    730 |   5075 |   9 |  855.6 |
       Dungeon |   7700 |   7526 |    174 |    730 |   5075 |   9 |  855.6 |
               +--------+--------+--------+--------+--------+-----+--------+

Top non-repeatable levels by time:
     D:5: 1679 daAuts
     D:6: 1458 daAuts
     D:7: 978 daAuts
     D:3: 923 daAuts
     D:2: 811 daAuts
     D:1: 798 daAuts
     D:4: 724 daAuts
     D:8: 320 daAuts
     D:9: 7 daAuts
